Map: Newkirk Precinct TE (Void)

Players

Railgan

  • Race: Zerg Zerg
  • League: Grandmaster
  • Spawn Location: 7:00

KingMcGregor - Winner!

  • Race: Terran Terran
  • League: Grandmaster
  • Spawn Location: 5:00

VOD

Have the link to the VOD?

Description

Time

  • Played on: March 20, 2017, 5:56 p.m.
  • Length: 11:18
Show
View Real Time Build Order
Export as new Build Order

Railgan Zerg 

Build Orders: Pool First, Muta Ling Bane, Swarm Host 

Get SALT Encoding   

  12  0:01  Drone  
  13  0:13  Overlord  
  13  0:18  Drone  
  14  0:31  Drone x2  
  16  0:37  Drone  
  17  0:48  Spawning Pool  
  17  0:49  Drone  
  17  0:57  Drone  
  18  1:07  Drone  
  19  1:16  Hatchery  
  19  1:18  Extractor  
  17  1:21  Drone  
  18  1:33  Drone  
  18  1:34  Queen  
  22  1:40  Zergling x2  
  22  1:50  Overlord  
  22  2:10  Queen  
  22  2:12  Drone x2  
  26  2:19  Metabolic Boost  
  26  2:23  Drone  
  26  2:29  Queen  
  27  2:34  Drone x2  
  31  2:44  Overlord  
  31  2:49  Drone x3  
  34  2:59  Drone x2  
  34  3:03  Lair  
  34  3:05  Drone x2  
  37  3:14  Drone x2  
  39  3:21  Extractor x2  
  39  3:23  Zergling x4  
  39  3:28  Queen  
  39  3:33  Zergling x4  
  43  3:36  Drone  
  43  3:38  Overlord  
  44  3:41  Extractor, Overlord  
  44  3:44  Drone  
  44  3:58  Drone x5  
  49  4:04  Drone  
  49  4:05  Drone x2  
  52  4:10  Drone x3  
  55  4:17  Spire  
  55  4:20  Overseer  
  55  4:21  Overlord  
  55  4:22  Drone  
  55  4:23  Drone  
  56  4:27  Baneling Nest  
  56  4:28  Drone  
  56  4:42  Zergling x4  
  58  4:47  Drone  
  58  4:51  Hatchery, Zergling x4  
  59  4:55  Drone x4  
  59  5:11  Overlord  
  59  5:19  Overlord  
  59  5:27  Overlord  
  59  5:29  Mutalisk  
  59  5:30  Mutalisk x6  
  73  5:36  Drone  
  73  5:40  Infestation Pit, Drone  
  70  6:00  Zergling x8  
  74  6:06  Drone  
  74  6:10  Drone x3  
  78  6:14  Evolution Chamber  
  78  6:16  Drone, Evolution Chamber  
  78  6:17  Baneling x6  
  77  6:19  Drone x2  
  77  6:22  Drone  
  80  6:30  Drone x4, Overlord  
  82  6:34  Overlord  
  82  6:37  Overlord  
  82  6:42  Overlord  
  82  6:43  Swarm Host x5  
  97  6:49  Swarm Host  
  100  6:56  Centrifical Hooks  
  100  6:58  Drone x3  
  103  7:03  Swarm Host x2  
  109  7:11  Drone x2  
  109  7:13  Extractor  
  109  7:15  Extractor, Zerg Melee Weapons Level 1, Zergling x2  
  110  7:16  Zergling x10  
  110  7:19  Overlord  
  110  7:20  Drone x2  
  117  7:29  Drone x2  
  119  7:31  Zerg Ground Armor Level 1  
  119  7:34  Zergling x2  
  119  7:35  Zergling x4  
  122  7:45  Overlord  
  122  7:46  Hatchery  
  121  7:52  Zergling x18  
  121  7:53  Overlord  
  119  8:00  Zergling x8  
  119  8:03  Baneling  
  123  8:06  Baneling x8  
  123  8:07  Baneling x6  
  108  8:14  Zergling x12  
  104  8:31  Drone  
  104  8:32  Drone x5  
  106  8:40  Zergling x4  
  108  8:47  Hatchery, Zergling x2  
  104  8:58  Infestor x4  
  112  9:05  Pathogen Glands  
  112  9:07  Baneling x2  
  112  9:08  Baneling  
  112  9:12  Swarm Host  
  112  9:14  Extractor  
  114  9:17  Extractor  
  114  9:23  Drone x3  
  116  9:24  Drone  
  116  9:25  Drone  
  116  9:26  Zergling x2  
  102  9:40  Zergling x6  
  102  9:41  Zergling x2  
  102  9:45  Drone x6  
  88  9:53  Zergling x4  
  88  9:54  Zergling x6  
  88  9:56  Swarm Host  
  92  10:00  Corruptor  
  92  10:02  Drone x2  
  92  10:04  Zergling x4  
  97  10:10  Queen x2  
  101  10:19  Corruptor  
  103  10:27  Baneling x10  
  94  10:38  Zergling x14  
  101  10:49  Zergling x12  
  111  11:01  Zergling x2  
Show
View Real Time Build Order
Export as new Build Order

KingMcGregor Terran - Winner!

Build Orders: Hellion Opening, Reaper Expand, MMM Bio 

Get SALT Encoding   

  12  0:01  SCV  
  13  0:13  SCV  
  14  0:18  Supply Depot  
  14  0:26  SCV  
  15  0:30  Refinery  
  15  0:39  SCV  
  16  0:47  Barracks  
  16  0:52  SCV  
  17  1:04  SCV  
  18  1:17  SCV  
  19  1:34  Reaper, Orbital Command  
  20  1:46  Command Center  
  20  1:57  Factory  
  20  2:00  SCV  
  21  2:08  Barracks Reactor  
  21  2:10  Supply Depot  
  21  2:13  SCV  
  22  2:18  Refinery  
  22  2:25  SCV  
  23  2:37  SCV  
  23  2:43  Starport  
  24  2:51  SCV  
  25  3:03  SCV  
  26  3:07  Hellion x2, Barracks Tech Lab  
  30  3:15  SCV, Orbital Command  
  31  3:27  SCV  
  31  3:28  Hellion  
  31  3:29  Hellion  
  36  3:37  Raven  
  36  3:39  SCV  
  39  3:44  SCV  
  39  3:48  Supply Depot  
  40  3:50  Barracks Tech Lab  
  40  3:51  SCV  
  40  3:52  Hellion x2  
  45  3:56  SCV  
  48  4:10  SCV x2  
  48  4:11  Supply Depot  
  48  4:18  Command Center  
  48  4:20  Raven  
  48  4:22  SCV x2  
  52  4:27  Stimpack  
  52  4:36  SCV x2  
  52  4:37  Factory Reactor  
  54  4:39  Supply Depot  
  54  4:45  Barracks  
  54  4:46  Barracks  
  54  4:47  Marine  
  55  4:58  SCV  
  56  5:04  SCV  
  56  5:05  Engineering Bay  
  56  5:06  Engineering Bay  
  57  5:11  SCV  
  58  5:15  Starport Reactor  
  58  5:16  SCV  
  58  5:17  Refinery  
  58  5:18  Refinery  
  58  5:19  Supply Depot  
  58  5:20  Supply Depot  
  59  5:23  SCV  
  59  5:25  Marine  
  64  5:29  SCV  
  64  5:34  Orbital Command  
  64  5:35  SCV  
  66  5:42  Marine x2  
  65  5:43  SCV  
  65  5:47  SCV  
  67  5:51  Marine  
  67  5:52  Marine x2  
  67  5:53  Medivac x2  
  74  5:57  SCV  
  74  5:58  Orbital Command  
  74  5:59  SCV  
  74  6:00  Marine  
  74  6:03  Missile Turret  
  75  6:04  Missile Turret  
  75  6:10  Barracks  
  73  6:12  Missile Turret, Marine x3, Barracks  
  73  6:13  Marine  
  73  6:17  Marine  
  78  6:20  Terran Infantry Weapons Level 1  
  76  6:32  Marine  
  76  6:33  Marine x3  
  76  6:34  SCV  
  76  6:35  Marine, SCV x2  
  84  6:47  SCV x2  
  86  6:49  Supply Depot  
  86  6:50  Marine x2  
  86  6:51  Marine x2  
  86  6:53  Marine  
  90  6:54  Combat Shields  
  89  7:02  Armory  
  89  7:08  Marine x4  
  86  7:11  Marine  
  86  7:15  Medivac x2  
  95  7:17  Barracks Reactor x2  
  95  7:19  Terran Infantry Armor Level 1  
  95  7:20  SCV x3  
  98  7:25  Factory Reactor  
  98  7:26  Marine x4  
  98  7:29  Missile Turret  
  102  7:32  Marine, SCV x3  
  106  7:42  Supply Depot  
  106  7:43  Supply Depot  
  106  7:44  Marine x3  
  106  7:50  Marine  
  106  7:51  Marine, Medivac  
  109  7:58  Marine  
  109  8:03  Barracks  
  109  8:04  Marine x4, Barracks  
  110  8:06  Barracks  
  110  8:10  Marine  
  110  8:11  Marine, Medivac  
  104  8:14  Marine  
  104  8:15  Marine  
  104  8:16  Marine  
  106  8:22  Marine x2  
  97  8:32  Marine x5  
  97  8:33  Marine x2  
  94  8:38  Command Center  
  94  8:40  Marine x2  
  94  8:49  Marine  
  94  8:50  Marine x5  
  100  9:05  Marine  
  100  9:06  Marine x4  
  105  9:15  Marine x4  
  110  9:17  SCV  
  110  9:33  Marine  
  110  9:34  SCV  
  110  9:36  Marine  
  110  9:37  Marine  
  110  9:47  Marine x5, Supply Depot x2  
  110  9:48  Marine x2  
  110  9:49  Marine x2  
  108  9:58  Marine x3  
  108  9:59  Medivac  
  111  10:02  Orbital Command  
  111  10:05  Marine x5  
  111  10:06  Marine x2  
  118  10:12  Marine x2  
  119  10:14  SCV  
  119  10:16  Marine x3  
  123  10:23  Marine x7  
  130  10:30  Marine x2  
  130  10:34  Marine  
  123  10:36  Marine  
  123  10:37  Marine  
  123  10:41  Marine x6  
  126  10:48  Marine x3  
  111  10:51  Marine  
  111  10:54  Marine x2  
  118  10:59  Marine x6  
Tags
 
Add a new tag
Caveats
  • Supply blocks, unpowered buildings, or Contaminate may cause inaccurate times.
  • Supply counts are checked every 10 seconds.